 Dungeon Crawl Stone Soup version 0.25-a0-632-g7713895373 (webtiles) character file.

Game seed: 9100590040363467643, levelgen mode: deterministic

31525 Mgcat the Destroyer (level 13, -9/83 HPs)
             Began as a Gargoyle Conjurer on Mar 14, 2020.
             Was a High Priest of Vehumet.
             Killed from afar by a lindwurm (33 damage)
             ... with a blast of flame
             ... on level 5 of the Lair of Beasts on Mar 19, 2020.
             The game lasted 00:54:37 (14300 turns).

Mgcat the Destroyer (Gargoyle Conjurer)            Turns: 14300, Time: 00:54:38

Health: -9/83      AC: 25    Str: 11    XL:     13   Next: 58%
Magic:  7/28       EV: 17    Int: 29    God:    Vehumet [*****.]
Gold:   557        SH:  4    Dex: 10    Spells: 22/34 levels left

rFire    . . .     SeeInvis .   D - +6 dagger "Ubuecluth" {venom, rPois Int+3}
rCold    + . .     Gourm    .   K - +0 buckler
rNeg     + + .     Faith    .   E - +2 robe {rN+}
rPois    ∞         Spirit   .   v - +2 helmet of Activism {+Inv Int+4}
rElec    +         Reflect  .   B - +2 cloak
rCorr    .         Harm     .   I - +2 pair of gloves
MR       .....                  H - +2 pair of boots
Stlth    +++.......             h - amulet of magic regeneration
HPRegen  0.23/turn              t - +2 ring of evasion
MPRegen  0.46/turn              N - ring of protection from cold {rC+, !d}

@: no status effects
A: negative energy resistance 1, electricity resistance, unbreathing,
petrification resistance, rot immunity, AC +9
a: Renounce Religion, Evoke Invisibility


You were on level 5 of the Lair of Beasts.
You worshipped Vehumet.
Vehumet was extremely pleased with you.
You were not hungry.

You visited 3 branches of the dungeon, and saw 17 of its levels.

You collected 1052 gold pieces.
You spent 495 gold pieces at shops.

Inventory:

Hand Weapons
 D - the +6 dagger "Ubuecluth" (weapon) {venom, rPois Int+3}
   (You found it on level 5 of the Dungeon)

   It poisons the flesh of those it strikes.
   It affects your intelligence (+3).
   It protects you from poison.
Armour
 v - the +2 helmet of Activism (worn) {+Inv Int+4}
   (You found it on level 9 of the Dungeon)

   It affects your intelligence (+4).
   It lets you turn invisible.
 B - a +2 cloak (worn)
   (You took it off Crazy Yiuf on level 5 of the Dungeon)
 E - a +2 robe of positive energy (worn)
   (You bought it in a shop on level 7 of the Dungeon)
 H - a +2 pair of boots (worn)
   (You bought it in a shop on level 10 of the Dungeon)
 I - a +2 pair of gloves (worn)
   (You found it on level 6 of the Dungeon)
 K - a +0 buckler (worn)
   (You bought it in a shop on level 10 of the Dungeon)
Magical Staves
 q - an uncursed staff of power {MP+17, !a}
   (You found it on level 5 of the Dungeon)
 A - an uncursed staff of fire {unknown}
   (You found it on level 5 of the Dungeon)
Jewellery
 b - an uncursed amulet of rage {+Rage, !d}
   (You took it off a gnoll on level 3 of the Dungeon)
 h - an amulet of magic regeneration (around neck)
   (You found it on level 1 of the Dungeon)
 t - a +2 ring of evasion (left hand)
   (You found it on level 4 of the Dungeon)
 y - an uncursed ring of protection from cold {rC+, !d}
   (You found it on level 3 of the Lair of Beasts)
 J - an uncursed ring of resist corrosion
   (You found it on level 11 of the Dungeon)
 N - a ring of protection from cold (right hand) {rC+, !d}
   (You found it on level 1 of the Lair of Beasts)
Wands
 u - a wand of iceblast (10)
   (You found it on level 4 of the Dungeon)
 C - a wand of random effects (16)
   (You took it off Crazy Yiuf on level 5 of the Dungeon)
 G - a wand of paralysis (14)
   (You took it off a centaur on level 8 of the Dungeon)
 P - a wand of flame (34)
   (You found it on level 2 of the Lair of Beasts)
Scrolls
 d - 3 scrolls of immolation {!r}
 e - 2 scrolls of fear
 j - 10 scrolls of remove curse
 m - 4 scrolls of enchant weapon
 n - 5 scrolls of teleportation
 s - 4 scrolls of magic mapping {!r}
 w - 3 scrolls of amnesia
 O - a scroll of fog
Potions
 a - a potion of flight {unknown}
 f - 2 potions of brilliance
 g - 7 potions of curing {unknown}
 i - 3 potions of might
 k - 3 potions of degeneration {!q}
 l - 4 potions of cancellation {unknown}
 o - 4 potions of stabbing {unknown}
 p - a potion of invisibility
 r - 2 potions of mutation {!q}
 x - a potion of haste {unknown}
 F - 3 potions of heal wounds
 L - a potion of berserk rage {!q}
 M - a potion of lignification {unknown}
 Q - a potion of ambrosia {unknown}
Comestibles
 c - 40 rations


   Skills:
 + Level 10.4 Fighting
 + Level 8.4 Dodging
 - Level 5.0 Stealth
 - Level 4.0 Shields
 + Level 11.0 Spellcasting
 + Level 13.3 Conjurations
 - Level 5.0 Hexes


You had 22 spell levels left.
You knew the following spells:

 Your Spells              Type           Power        Failure   Level  Hunger
a - Magic Dart            Conj           ####         0%          1    None
b - Searing Ray           Conj           ######       0%          2    None
c - Fulminant Prism       Conj/Hex       ######....   1%          4    None
d - Iskenderun's Battles  Conj/Chrm      ######..     1%          5    ###....

Your spell library contained the following spells:

 Spells                   Type           Power        Failure   Level  Hunger
 Corona                   Hex            #####..      1%          1    None
 Freeze                   Ice            ###.         1%          1    None
 Shock                    Conj/Air       ####         1%          1    None
 Slow                     Hex            #####...     1%          2    None
 Dazzling Flash           Conj/Hex       ######       1%          3    None
 Inner Flame              Hex/Fire       ####....     1%          3    None
 Static Discharge         Conj/Air       ######..     1%          3    None
 Hailstorm                Conj/Ice       ######..     1%          4    None
 Iskenderun's Mystic Bla  Conj/Tloc      ######..     1%          4    None
 Lightning Bolt           Conj/Air       ######....   1%          5    ###....
 Frozen Ramparts          Ice            ###...       2%          3    None
 Summon Small Mammal      Summ           ###.         3%          1    None
 Portal Projectile        Hex/Tloc       ####..       3%          3    None
 Summon Guardian Golem    Hex/Summ       ####....     3%          3    None
 Call Imp                 Summ           ###.....     4%          2    None
 Swiftness                Chrm/Air       ###.....     4%          2    None
 Cause Fear               Hex            #####.....   4%          4    None
 Airstrike                Air            ###.......   9%          4    None
 Call Canine Familiar     Summ           ###.....     10%         3    None
 Ozocubu's Armour         Chrm/Ice       ###.....     10%         3    None
 Leda's Liquefaction      Hex/Erth       ####......   12%         4    None
 Summon Ice Beast         Ice/Summ       ###.....     32%         4    None
 Summon Lightning Spire   Summ/Air       ###.....     32%         4    None


Dungeon Overview and Level Annotations

Branches:
Dungeon (11/15)            Temple (1/1) D:7            Lair (5/6) D:11
  Swamp (0/4) Lair:3        Snake (0/4) Lair:2          Orc (0/2) D:10
  Slime: Lair:5-6

Altars:
Cheibriados
Dithmenos
Elyvilon
Fedhas
Gozag
Hepliaklqana
Kikubaaqudgha
Makhleb
Nemelex Xobeh
Okawaru
Qazlal
Ru
Sif Muna
Trog
Uskayaw
Vehumet
Wu Jian
Xom
Yredelemnul
The Shining One

Shops:
D:7 (=*?*   D:9 ?   D:10 [(

Annotations:
D:3 Sigmund
D:11 Snorg


Innate Abilities, Weirdness & Mutations

You are resistant to torment.
Your stone body is resilient. (AC +9)
You are immune to poison.
You resist negative energy. (rN+)
You are resistant to electric shocks. (rElec)
You can survive without breathing.
You are immune to petrification.
You are immune to rotting.


Message History

Your battlesphere is shoved backwards!
Your battlesphere is destroyed!
The elephant tramples you!
You stumble backwards!
Your fulminant prism explodes!
The blast of energy engulfs the elephant!!
You kill the elephant!
Vehumet accepts your kill.
You feel your power returning.
The blast of energy engulfs the yak!!!
You kill the yak!
Vehumet accepts your kill.
You feel your power returning.
The blast of energy engulfs the yak!!
The yak is severely wounded.
The blast of energy engulfs the yak!
The yak is almost dead.
The blast of energy engulfs the elephant!
The elephant is severely wounded.
The blast of energy engulfs the elephant!
The elephant is heavily wounded.
You hear a croak.
You hear a trumpeting!
You take 11 damage, and have 45/83 hp.
You regained 4 mp, and now have 6/28 mp.
Danger x4: yak x2, elephant x2!
Casting: Fulminant Prism (safe; 1% risk of failure)
Confirm with . or Enter, or press ? or * to list all spells.
Aiming: Fulminant Prism (safe; 1% risk of failure)
Press: ? - help, Dir - move target cursor You conjure a prism of explosive energy!
A fulminant prism comes into view.
The yak gores your fulminant prism. The elephant tramples you!
You stumble backwards!
You take 11 damage, and have 34/83 hp.
You now have 3/28 mp.
Danger x4: yak x2, elephant x2!
Your fulminant prism crackles loudly.
The yak closely misses you.
Your fulminant prism explodes!
You hear a trumpeting!
The yak gores you!
* * * LOW HITPOINT WARNING * * *
You take 12 damage, and have 23/83 hp.
Danger x4: yak x2, elephant x2!
The yak completely misses you.
Danger x5: yak x2, elephant x2, lindwurm!
As you read the scroll of fear, it crumbles to dust.
You assume a fearsome visage.
The elephant looks frightened! x2
The lindwurm resists with some effort.
The yak looks frightened!
The yak resists with some effort.
The yak closely misses you.
Lua error: [string "/dgldir/rcfiles/crawl-git/Mgcat.rc"]:930: invalid capture index Unknown command.
Lua error: [string "/dgldir/rcfiles/crawl-git/Mgcat.rc"]:930: invalid capture index Unknown command.
Danger x5: elephant (fleeing) x2, yak, yak (fleeing), lindwurm!
Unknown command.
Lua error: [string "/dgldir/rcfiles/crawl-git/Mgcat.rc"]:938: invalid capture index Lua error: [string "/dgldir/rcfiles/crawl-git/Mgcat.rc"]:938: invalid capture index Unknown command.
Lua error: [string "/dgldir/rcfiles/crawl-git/Mgcat.rc"]:938: invalid capture index Unknown command.
Danger x5: elephant (fleeing) x2, yak (fleeing), yak, lindwurm!
Unknown command.
Lua error: [string "/dgldir/rcfiles/crawl-git/Mgcat.rc"]:938: invalid capture index Unknown command.
Lua error: [string "/dgldir/rcfiles/crawl-git/Mgcat.rc"]:938: invalid capture index Unknown command.
Lua error: [string "/dgldir/rcfiles/crawl-git/Mgcat.rc"]:938: invalid capture index Unknown command.
Danger x5: elephant (fleeing) x2, yak (fleeing), yak, lindwurm!
Unknown command.
Lua error: [string "/dgldir/rcfiles/crawl-git/Mgcat.rc"]:938: invalid capture index Unknown command.
Lua error: [string "/dgldir/rcfiles/crawl-git/Mgcat.rc"]:938: invalid capture index Unknown command.
Lua error: [string "/dgldir/rcfiles/crawl-git/Mgcat.rc"]:938: invalid capture index Unknown command.
Danger x5: elephant (fleeing) x2, yak (fleeing), yak, lindwurm!
Unknown command.
Lua error: [string "/dgldir/rcfiles/crawl-git/Mgcat.rc"]:938: invalid capture index
Casting: Fulminant Prism (safe; 1% risk of failure)
Confirm with . or Enter, or press ? or * to list all spells.
Aiming: Searing Ray (safe; 0% risk of failure)
Press: ? - help, Shift-Dir - straight line, f - yak
Aim: a yak (heavily wounded)
The searing ray hits the yak!
The yak is almost dead. (Press . to maintain the ray.)
The yak gores you but does no damage.
You now have 5/28 mp.
Danger x5: elephant (fleeing) x2, yak (fleeing), yak, lindwurm!
Unknown command.
Lua error: [string "/dgldir/rcfiles/crawl-git/Mgcat.rc"]:938: invalid capture index Unknown command.
Lua error: [string "/dgldir/rcfiles/crawl-git/Mgcat.rc"]:938: invalid capture index Unknown command.
Lua error: [string "/dgldir/rcfiles/crawl-git/Mgcat.rc"]:938: invalid capture index The searing ray hits the yak!
You kill the yak!
Vehumet accepts your kill.
You feel your power returning. The lindwurm breathes flames at you.
The blast of flame hits you!!
You die...

............### #..#
≈.....#.....#.####...#
≈..............#..#...
≈≈........Y.....Y....#
≈≈≈.................##
≈≈≈..................#
≈≈.P.....†............
.......<††.k†.........
.......††.Y..@†.......
k.....................
...k..........$.......
##.#.............../..
# #..................
##..............#..
#..........#...#..
#..#..P.######


You could see 2 elephants, a lindwurm and a yak (fleeing).

Vanquished Creatures
  Gastronok (D:8)
  Josephine (D:11)
  Fannar (D:11)
  Erolcha (D:10)
  2 hydras
  Nergalle (D:11)
  An ugly thing (D:11)
  A manticore (D:11)
  A cyclops (D:11)
  3 black mambas
  A centaur zombie (D:10)
  3 elephants (Lair:5)
  Psyche (D:8)
  7 spiny frogs
  Maggie (D:8)
  A kobold demonologist (D:11)
  A tengu conjurer (D:10)
  2 polar bears (Lair:4)
  4 trolls
  2 bog bodies (Lair:3)
  5 hippogriffs
  10 blink frogs (Lair:4)
  3 wyverns
  4 wraiths (D:11)
  16 yaks
  2 fire bats (Lair:4)
  A vampire mosquito (D:11)
  2 hungry ghosts
  2 basilisks
  15 water moccasins
  10 porcupines
  10 orc warriors
  4 ice beasts
  3 sky beasts
  5 centaurs
  2 phantoms
  2 necrophages
  20 wolves
  5 ogres
  7 crocodiles
  A big kobold (D:11)
  10 bullfrogs
  A scorpion (D:7)
  4 killer bees (D:11)
  3 crimson imps
  2 bullfrog zombies (D:10)
  2 howler monkeys (D:11)
  6 hounds
  A quasit (D:8)
  2 jellies
  Crazy Yiuf (D:5)
  A gnoll shaman (D:8)
  10 orc priests
  19 orc wizards
  A bullfrog skeleton (D:8)
  5 iguanas
  10 worker ants
  A killer bee zombie (D:8)
  A howler monkey zombie (D:7)
  2 worker ant zombies
  Robin (D:3)
  29 adders
  13 gnolls
  4 shadow imps
  2 oozes
  2 adder skeletons
  6 worms
  3 dart slugs
  6 leopard geckos
  65 orcs
  2 ball pythons
  6 bats
  6 giant cockroaches
  16 goblins
  13 hobgoblins
  10 jackals
  5 quokkas
  5 frilled lizards
  6 kobolds
  A quokka skeleton (D:8)
  A quokka zombie (D:8)
  13 rats
  3 fulminant prisms
  3 plants
468 creatures vanquished.

Vanquished Creatures (others)
  100 fulminant prisms
  2 fungi (Lair:4)
  A plant (Lair:2)
103 creatures vanquished.

Grand Total: 571 creatures vanquished

Notes
Turn   | Place    | Note
-------+----------+-------------------------------------------
     0 | D:1      | Mgcat the Gargoyle Conjurer began the quest for the Orb.
     0 | D:1      | Reached XP level 1. HP: 10/10 MP: 3/3
   137 | D:1      | Reached XP level 2. HP: 15/15 MP: 3/5
   147 | D:1      | Learned a level 2 spell: Searing Ray
   682 | D:1      | Reached XP level 3. HP: 19/19 MP: 4/6
   826 | D:1      | Reached skill level 3 in Stealth
  1314 | D:2      | Reached XP level 4. HP: 22/24 MP: 0/8
  1348 | D:2      | Reached skill level 5 in Conjurations
  1446 | D:2      | Reached skill level 3 in Spellcasting
  1597 | D:2      | Reached XP level 5. HP: 28/28 MP: 5/9
  1780 | D:2      | Reached skill level 4 in Stealth
  2264 | D:2      | Learned a level 4 spell: Fulminant Prism
  2423 | D:3      | Noticed Robin
  2466 | D:3      | Killed Robin
  2557 | D:3      | Noticed Sigmund
  3028 | D:3      | Reached XP level 6. HP: 32/32 MP: 7/11
  3036 | D:3      | Reached skill level 1 in Hexes
  3596 | D:4      | Found a stormy altar of Qazlal.
  3628 | D:4      | Reached skill level 6 in Conjurations
  3630 | D:4      | Reached skill level 5 in Stealth
  3649 | D:4      | Reached skill level 2 in Hexes
  3649 | D:4      | Reached XP level 7. HP: 20/36 MP: 2/12
  3652 | D:4      | Reached skill level 4 in Spellcasting
  4129 | D:5      | Entered Level 5 of the Dungeon
  4195 | D:5      | Reached skill level 3 in Hexes
  4417 | D:5      | Reached skill level 7 in Conjurations
  4417 | D:5      | Reached XP level 8. HP: 41/41 MP: 9/15
  4852 | D:5      | Reached skill level 5 in Spellcasting
  4950 | D:5      | Found a runed translucent door.
  4951 | D:5      | Noticed Crazy Yiuf
  4957 | D:5      | Killed Crazy Yiuf
  5025 | D:5      | Got a transparent dagger
  5029 | D:5      | Identified the +6 dagger "Ubuecluth" {venom, rPois Int+3}
                  | (You found it on level 5 of the Dungeon)
  5073 | D:5      | Reached skill level 4 in Hexes
  5139 | D:5      | Got a transparent quarterstaff
  5261 | D:4      | You fall into a shaft and drop 2 floors!
  5655 | D:6      | Reached skill level 8 in Conjurations
  5761 | D:6      | Reached skill level 6 in Spellcasting
  5761 | D:6      | Reached XP level 9. HP: 45/45 MP: 12/18
  5919 | D:6      | Reached skill level 5 in Hexes
  6127 | D:6      | Identified the +4 quarterstaff "Kishoapp" {venom, rElec
                  | rPois} (You found it on level 5 of the Dungeon)
  6175 | D:7      | Found Laixig's Magic Scroll Shop.
  6179 | D:7      | Found Atze's Assorted Antiques.
  6181 | D:7      | Bought a scroll of identify for 22 gold pieces
  6239 | D:7      | Found Zushriz's General Store.
  6283 | D:7      | Found Urghacymy's Jewellery Shoppe.
  6305 | D:7      | Bought a +2 robe of positive energy for 220 gold pieces
  6328 | D:7      | Found a staircase to the Ecumenical Temple.
  6352 | Temple   | Entered the Ecumenical Temple
  6416 | Temple   | Became a worshipper of Vehumet
  6445 | D:7      | Found a shimmering altar of Xom.
  6448 | D:7      | Found an opulent altar of Gozag.
  6737 | D:7      | Found Tyohum's Antique Weapon Shop.
  6847 | D:8      | Noticed Psyche
  6854 | D:8      | Killed Psyche
  6854 | D:8      | Reached skill level 1 in Fighting
  6854 | D:8      | Reached skill level 2 in Dodging
  6854 | D:8      | Reached skill level 9 in Conjurations
  6913 | D:8      | Reached skill level 2 in Fighting
  6971 | D:8      | Reached * piety under Vehumet
  6971 | D:8      | Offered knowledge of Sandblast by Vehumet.
  6976 | D:8      | Reached skill level 7 in Spellcasting
  6977 | D:8      | Noticed Maggie
  7082 | D:8      | Killed Maggie
  7082 | D:8      | Reached skill level 3 in Fighting
  7082 | D:8      | Reached skill level 3 in Dodging
  7217 | D:8      | Noticed Gastronok
  7239 | D:8      | Reached XP level 10. HP: 56/56 MP: 15/20
  7321 | D:8      | Killed Gastronok
  7321 | D:8      | Reached skill level 4 in Fighting
  7321 | D:8      | Reached skill level 4 in Dodging
  7321 | D:8      | Reached skill level 10 in Conjurations
  7657 | D:8      | Paralysed by a centaur for 3 turns
  8074 | D:8      | Reached skill level 5 in Fighting
  8214 | D:8      | Reached skill level 8 in Spellcasting
  8284 | D:8      | Upgraded the game from 0.25-a0-591-g2ad0d861f1 to
                  | 0.25-a0-614-g73ad250637
  8374 | D:9      | Offered knowledge of Foxfire by Vehumet.
  8388 | D:9      | Reached ** piety under Vehumet
  8453 | D:9      | Got a pitted helmet
  8474 | D:9      | Upgraded the game from 0.25-a0-614-g73ad250637 to
                  | 0.25-a0-631-gc915619fb7
  8624 | D:9      | Identified the +2 helmet of Activism {+Inv Int+4} (You
                  | found it on level 9 of the Dungeon)
  8636 | D:9      | Found Niphojump's Magic Scroll Shop.
  8656 | D:9      | Bought a scroll of identify for 20 gold pieces
  8826 | D:10     | Entered Level 10 of the Dungeon
  8829 | D:10     | Reached XP level 11. HP: 61/64 MP: 20/23
  8880 | D:10     | Found a snail-covered altar of Cheibriados.
  8900 | D:10     | Reached skill level 6 in Fighting
  8900 | D:10     | Reached skill level 5 in Dodging
  9012 | D:10     | Offered knowledge of Mephitic Cloud by Vehumet.
  9152 | D:10     | Noticed Erolcha
  9156 | D:10     | Reached skill level 11 in Conjurations
  9159 | D:10     | Killed Erolcha
  9159 | D:10     | Reached *** piety under Vehumet
  9256 | D:10     | Found Jeirum's Armour Boutique.
  9256 | D:10     | Found a staircase to the Orcish Mines.
  9256 | D:10     | Found Zinlomieh's Weapon Boutique.
  9270 | D:10     | Bought a +2 pair of boots for 214 gold pieces
  9578 | D:11     | Reached skill level 9 in Spellcasting
  9639 | D:11     | Reached skill level 7 in Fighting
  9689 | D:11     | Noticed a manticore
  9697 | D:11     | Killed a manticore
  9697 | D:11     | Noticed a red ugly thing
  9703 | D:11     | Killed a red ugly thing
  9703 | D:11     | Reached skill level 6 in Dodging
  9780 | D:11     | Offered knowledge of Conjure Flame by Vehumet.
  9787 | D:11     | Noticed Josephine
  9791 | D:11     | Noticed Snorg
  9793 | D:11     | Killed Josephine
 10109 | D:11     | Noticed Nergalle
 10115 | D:11     | Killed Nergalle
 10115 | D:11     | Reached skill level 8 in Fighting
 10115 | D:11     | Reached XP level 12. HP: 73/73 MP: 17/25
 10182 | D:11     | Noticed Fannar
 10191 | D:11     | Killed Fannar
 10272 | D:11     | HP: 10/74 [cyclops/large rock (21)]
 10273 | D:11     | Reached skill level 12 in Conjurations
 10719 | D:10     | Bought a cursed +0 buckler for 19 gold pieces
 10844 | D:11     | Found a staircase to the Lair.
 10879 | Lair:1   | Entered Level 1 of the Lair of Beasts
 10917 | Lair:1   | Reached skill level 1 in Shields
 11231 | Lair:1   | Reached skill level 7 in Dodging
 11266 | Lair:1   | Reached **** piety under Vehumet
 11313 | Lair:1   | Noticed a four-headed hydra
 11319 | Lair:1   | Killed a four-headed hydra
 11319 | Lair:1   | Reached skill level 2 in Shields
 11319 | Lair:1   | Reached skill level 10 in Spellcasting
 11882 | Lair:2   | Reached skill level 9 in Fighting
 11883 | Lair:2   | Offered knowledge of Irradiate by Vehumet.
 11889 | Lair:2   | Reached skill level 3 in Shields
 11935 | Lair:2   | Found a staircase to the Snake Pit.
 12492 | Lair:3   | Found a staircase to the Swamp.
 12677 | Lair:3   | Reached skill level 4 in Shields
 12869 | Lair:3   | Reached XP level 13. HP: 80/80 MP: 22/27
 13301 | Lair:3   | Upgraded the game from 0.25-a0-631-gc915619fb7 to
                  | 0.25-a0-632-g7713895373
 13361 | Lair:4   | Reached skill level 8 in Dodging
 13415 | Lair:4   | Reached skill level 10 in Fighting
 13433 | Lair:4   | Reached skill level 13 in Conjurations
 13578 | Lair:4   | Reached ***** piety under Vehumet
 13627 | Lair:4   | Offered knowledge of Iskenderun's Battlesphere by Vehumet.
 13638 | Lair:4   | Learned a level 5 spell: Iskenderun's Battlesphere
 14282 | Lair:5   | Reached skill level 11 in Spellcasting
 14300 | Lair:5   | Killed from afar by a lindwurm

Levels and vault maps discovered:
D:1:      lightli_molten_gateway, layout_basic, minmay_statues_item
D:2:      layout_basic, minmay_strange_pillars, columned_hall_lemuel
D:3:      layout_rooms, minmay_randomly_rotated_circles, uniq_sigmund,
          uniq_robin
D:4:      layout_rooms, kennysheep_little_box, first_ration
D:5:      layout_cave_pods, kennysheep_decorative_pillar,
          uniq_crazy_yiuf_cottage
D:6:      layout_cave_pools
D:7:      layout_rooms, minmay_temple_entry_slanted, serial_shops, shop, shop,
          shop, nicolae_shop_stone, shop_fountains, basic_altar,
          nicolae_gozag_seed_capital
D:8:      layout_basic, uniq_maggie, uniq_psyche, uniq_gastronok
D:9:      layout_gridville, serial_shops, shop
D:10:     layout_cave_pools, orc_david_3, grunt_tengu_nest, cheibriados_altar_1,
          uniq_erolcha
D:11:     minmay_wavy_crystal, layout_irregular_city, lair_entry_dummy,
          uniq_fannar, uniq_snorg, uniq_nergalle, uniq_josephine
Temple:   compressed_dpeg_triangle_lava_temple
Lair:1:   layout_hall_layers, beast_lair_carwin_11
Lair:2:   layout_cave_pods, minmay_snake_entry_six_corridors
Lair:3:   layout_regular_city, skrybe_swamp_entry_bodies
Lair:4:   layout_gridlike, lemuel_fruit_fields, grunt_megastairs_3
Lair:5:   layout_cave_pods, fungi_pond_lemuel, minivault_24

Skill      XL: |  1  2  3  4  5  6  7  8  9 10 11 12 13 |
---------------+----------------------------------------+-----
Stealth        | 3 4 5 |  5.0
Conjurations   | 5 6 7 8 9 10 11 12 13 | 13.3
Spellcasting   | 3 4 6 7 8 9 10 11 | 11.0
Hexes          | 2 3 4 5 |  5.0
Fighting       | 3 5 8 9 10 | 10.4
Dodging        | 3 4 6 7 8 |  8.4
Shields        | 4 |  4.0

Action                   |  1- 3 |  4- 6 |  7- 9 | 10-12 | 13-15 || total
-------------------------+-------+-------+-------+-------+-------++-------
Melee: Club              |     7 |       |       |       |       ||     7
       Dagger            |       |     1 |     3 |     9 |     4 ||    17
 Cast: Magic Dart        |    84 |   204 |   276 |   222 |    55 ||   841
       Searing Ray       |       |    12 |    40 |   112 |    42 ||   206
       Fulminant Prism   |       |       |       |    80 |    23 ||   103
       Iskenderun's Batt |       |       |       |       |     7 ||     7
  Use: Scroll            |       |     2 |     5 |    24 |     1 ||    32
  Eat: Chunk             |     2 |     8 |    11 |    13 |     4 ||    38
       Ration            |       |       |       |     2 |       ||     2
Armor: Robe              |     2 |    17 |    22 |    78 |    44 ||   163
Dodge: Dodged            |    18 |    37 |    59 |   173 |    83 ||   370
Block: Buckler           |       |       |       |     5 |    21 ||    26

Table legend:
 A = Non-vault XP
 B = Vault XP
 C = Vault XP percentage of total XP
 D = Non-vault monster count
 E = Vault monster count
 F = Vault count percentage of total count
                 A         B        C        D         E       F
            +---------+---------+-------+---------+---------+-------
      Total |   31755 |   13282 |  29.5 |     396 |      66 |  14.3
            +---------+---------+-------+---------+---------+-------
        D:1 |      36 |       0 |   0.0 |      18 |       0 |   0.0
        D:2 |     177 |       0 |   0.0 |      36 |       0 |   0.0
        D:3 |     200 |      71 |  26.2 |      35 |      18 |  34.0
        D:4 |     352 |       0 |   0.0 |      12 |       0 |   0.0
        D:5 |     886 |      41 |   4.4 |      33 |       1 |   2.9
        D:6 |     766 |       0 |   0.0 |      18 |       0 |   0.0
        D:7 |     528 |       0 |   0.0 |      18 |       0 |   0.0
        D:8 |    1610 |    3004 |  65.1 |      41 |       3 |   6.8
        D:9 |    1549 |       0 |   0.0 |      41 |       0 |   0.0
       D:10 |    2059 |    1887 |  47.8 |      26 |       9 |  25.7
       D:11 |    3115 |    4710 |  60.2 |      22 |      10 |  31.2
     Lair:1 |    3613 |     428 |  10.6 |      15 |       3 |  16.7
     Lair:2 |     397 |    2084 |  84.0 |       1 |      17 |  94.4
     Lair:3 |    6517 |     510 |   7.3 |      32 |       2 |   5.9
     Lair:4 |    7779 |     547 |   6.6 |      41 |       3 |   6.8
     Lair:5 |    2171 |       0 |   0.0 |       7 |       0 |   0.0
            +---------+---------+-------+---------+---------+-------

Levels and vault maps discovered:
D:1:      lightli_molten_gateway, layout_basic, minmay_statues_item
D:2:      layout_basic, minmay_strange_pillars, columned_hall_lemuel
D:3:      layout_rooms, minmay_randomly_rotated_circles, uniq_sigmund,
          uniq_robin
D:4:      layout_rooms, kennysheep_little_box, first_ration
D:5:      layout_cave_pods, kennysheep_decorative_pillar,
          uniq_crazy_yiuf_cottage
D:6:      layout_cave_pools
D:7:      layout_rooms, minmay_temple_entry_slanted, serial_shops, shop, shop,
          shop, nicolae_shop_stone, shop_fountains, basic_altar,
          nicolae_gozag_seed_capital
D:8:      layout_basic, uniq_maggie, uniq_psyche, uniq_gastronok
D:9:      layout_gridville, serial_shops, shop
D:10:     layout_cave_pools, orc_david_3, grunt_tengu_nest, cheibriados_altar_1,
          uniq_erolcha
D:11:     minmay_wavy_crystal, layout_irregular_city, lair_entry_dummy,
          uniq_fannar, uniq_snorg, uniq_nergalle, uniq_josephine
Temple:   compressed_dpeg_triangle_lava_temple
Lair:1:   layout_hall_layers, beast_lair_carwin_11
Lair:2:   layout_cave_pods, minmay_snake_entry_six_corridors
Lair:3:   layout_regular_city, skrybe_swamp_entry_bodies
Lair:4:   layout_gridlike, lemuel_fruit_fields, grunt_megastairs_3
Lair:5:   layout_cave_pods, fungi_pond_lemuel, minivault_24

Table legend:
 A = Turns spent in this place as a percentage of turns spent in the entire game.
 B = Non-inter-level travel turns spent in this place as a percentage of non-inter-level travel turns spent in the entire game.
 C = Inter-level travel turns spent in this place as a percentage of turns spent in this place.
 D = Turns resting spent in this place as a percentage of non-inter-level travel turns spent in this place.
 E = Turns spent auto-exploring this place as a percentage of non-inter-level travel turns spent in this place.
 F = Non-inter-level travel turns spent in this place divided by the number of levels of this place that you've seen.
                   A       B       C       D       E      F
               +-------+-------+-------+-------+-------+----------------------
         Total | 100.0 | 100.0 |   5.6 |   9.5 |  71.0 | 794.2
       Dungeon |  75.6 |  75.0 |   6.2 |  12.6 |  67.2 | 921.1
        Temple |   0.5 |   0.5 |  10.8 |   0.0 |  93.9 |  66.0
          Lair |  23.9 |  24.5 |   3.4 |   0.2 |  82.4 | 660.8
               +-------+-------+-------+-------+-------+----------------------

Table legend:
 A = Kills in this place as a percentage of kills in entire the game.
 B = Kills by you in this place as a percentage of kills by you in the entire game.
 C = Kills by friends in this place as a percentage of kills by friends in the entire game.
 D = Other kills in this place as a percentage of other kills in the entire game.
 E = Experience gained in this place as a percentage of experience gained in the entire game.
 F = Experience gained in this place divided by the number of levels of this place that you have seen.
                   A       B       C       D       E      F
               +-------+-------+-------+-------+-------+----------------------
         Total | 100.0 | 100.0 |   N/A |   N/A | 100.0 | 2649.2
       Dungeon |  73.8 |  73.8 |   N/A |   N/A |  46.6 | 1908.3
          Lair |  26.2 |  26.2 |   N/A |   N/A |  53.4 | 4809.2
               +-------+-------+-------+-------+-------+----------------------
